 Dungeon Crawl Stone Soup version 0.20.1-1-g8b1a95d (webtiles) character file.

24514 Nattfarinn the Unseen (level 12, -7/95 HPs)
             Began as a Vampire Enchanter on Aug 2, 2017.
             Was a High Priest of Kikubaaqudgha.
             Mangled by a harpy (16 damage)
             ... summoned by Kirke
             ... on level 13 of the Dungeon.
             The game lasted 01:15:01 (18409 turns).

Nattfarinn the Unseen (Vampire Enchanter)          Turns: 18409, Time: 01:15:02

Health: -7/95      AC:  8    Str: 13    XL:     12   Next: 81%
Magic:  5/15       EV: 13    Int: 21    God:    Kikubaaqudgha [*****.]
Gold:   768        SH:  0    Dex: 16    Spells: 5/15 levels left

rFire    . . .     SeeInvis +   u - +9 quick blade
rCold    + . .     Gourm    .   (no shield)
rNeg     . . .     Faith    .   Q - +2 robe {rC+}
rPois    .         Spirit   .   (no helmet)
rElec    .         Reflect  .   U - +0 cloak
rCorr    .         Harm     .   d - +0 pair of gloves
MR       +....                  (no boots)
Stlth    +++++++...             (no amulet)
Regen    0.5/turn               l - +2 ring of protection
MPRegen  0.2/turn               s - +6 ring of strength

@: about to teleport, regenerating quickly, hasted, very quick
A: fangs 3, see invisible, unbreathing
a: Receive Corpses, Torment, Renounce Religion


You were on level 13 of the Dungeon.
You worshipped Kikubaaqudgha.
Kikubaaqudgha was extremely pleased with you.
You were full.

You visited 2 branches of the dungeon, and saw 14 of its levels.
You also visited: Ossuary.

You collected 768 gold pieces.

Inventory:

Hand Weapons
 u - a +9 quick blade (weapon)
 B - a +0 dagger of distortion
 F - the +8 falchion of Kemitwu {vamp, +Rage Str+2 Dex+6}
   (You found it on level 7 of the Dungeon)

   It inflicts no extra harm, but heals its wielder when it wounds a living foe.
   It affects your strength (+2).
   It affects your dexterity (+6).
   It lets you go berserk.
 N - a cursed -3 blowgun
Missiles
 j - 31 poisoned needles
 O - 5 curare-tipped needles
Armour
 d - a +0 pair of gloves (worn)
 E - a +2 robe of fire resistance
 Q - a +2 robe of cold resistance (worn)
 U - a +0 cloak (worn)
Jewellery
 l - a +2 ring of protection (left hand)
 s - a +6 ring of strength (right hand)
 C - an uncursed ring of ice
 Y - an uncursed ring of fire
Wands
 H - a wand of iceblast (1/15)
 J - a wand of confusion (33/48)
 K - a wand of lightning (8/15)
 P - a wand of acid (5/15)
 S - a wand of iceblast (7/15)
 V - a wand of acid (11/15)
 W - a wand of lightning (11/15)
 Z - a wand of confusion (28/48)
Scrolls
 e - a scroll of enchant armour {unknown}
 f - 3 scrolls of amnesia
 i - 5 scrolls of remove curse
 k - a scroll of identify
 q - 2 scrolls of recharging
 v - 2 scrolls of fog
 x - 2 scrolls of magic mapping
 y - a scroll of teleportation
 L - a scroll of summoning {unknown}
 X - a scroll of brand weapon {unknown}
Potions
 a - 2 potions of mutation {unknown}
 g - 2 potions of haste
 m - a potion of degeneration {unknown}
 n - a potion of resistance {unknown}
 o - 3 potions of might
 p - 2 potions of brilliance {unknown}
 t - 2 potions of invisibility {unknown}
 w - 3 potions of flight
 z - 3 potions of cancellation
 A - 2 potions of magic {unknown}
 D - a potion of berserk rage {unknown}
 G - a potion of agility {unknown}
 I - a potion of lignification {unknown}
 R - a potion of ambrosia {unknown}
 T - 3 potions of blood
Books
 b - Kikubaaqudgha's Tome of Necromancy
   (Kikubaaqudgha gifted it to you on level 10 of the Dungeon)

   Spells                             Type                      Level
   a - Animate Dead                   Necromancy                   4
   b - Bolt of Draining               Conjuration/Necromancy       5
   c - Agony                          Necromancy                   5
   d - Dispel Undead                  Necromancy                   5
   e - Death Channel                  Necromancy                   6
 c - a book of Maledictions

   Spells                             Type                      Level
   a - Corona                         Hexes                        1
   b - Ensorcelled Hibernation        Hexes/Ice                    2
   c - Confuse                        Hexes                        3
   d - Tukima's Dance                 Hexes                        3
   e - Dazzling Spray                 Conjuration/Hexes            3
 M - Kikubaaqudgha's Handbook of Sinister Rituals
   (Kikubaaqudgha gifted it to you on level 8 of the Dungeon)

   Spells                             Type                      Level
   a - Pain                           Necromancy                   1
   b - Corpse Rot                     Necromancy                   2
   c - Sublimation of Blood           Necromancy                   2
   d - Regeneration                   Charms/Necromancy            3
   e - Control Undead                 Necromancy                   4


   Skills:
 * Level 9.1 Fighting
 + Level 8.7(9.1) Short Blades
 - Level 3.5(6.2) Long Blades
 - Level 2.1 Dodging
 + Level 18.4 Stealth
 - Level 2.0 Spellcasting
 - Level 13.7 Hexes
 - Level 4.6 Charms
 * Level 6.4 Necromancy


You had 5 spell levels left.
You knew the following spells:

 Your Spells              Type           Power        Failure   Level  Hunger
a - Corona                Hex            ######.      1%          1    #......
b - Confuse               Hex            ######..     1%          3    ###....
c - Tukima's Dance        Hex            ######..     1%          3    ###....
d - Regeneration          Chrm/Necr      ####......   4%          3    ###....


Dungeon Overview and Level Annotations

Branches:
Dungeon (13/15)            Temple (1/1) D:7            Lair (0/6) D:8
    Orc (0/2) D:12         Vaults (0/5) D:13

Altars:
Ashenzari
Cheibriados
Dithmenos
Elyvilon
Fedhas
Gozag
Hepliaklqana
Kikubaaqudgha
Makhleb
Nemelex Xobeh
Okawaru
Qazlal
Ru
Sif Muna
Trog
Uskayaw
Vehumet
Xom
Yredelemnul
Zin
The Shining One

Shops:
D:4 *

Annotations:
D:13 Kirke


Innate Abilities, Weirdness & Mutations

Your natural rate of healing is unusually fast.
You have razor-sharp teeth.
You have supernaturally acute eyesight. (SInv)
You can survive without breathing.


Message History

The hog barely misses you. The harpy barely misses you. The harpy claws you.
* * * LOW HITPOINT WARNING * * *
Okay, then.
As you read the scroll of fog, it crumbles to dust.
The scroll dissolves into smoke.
The harpy closely misses you. The harpy claws you!
* * * LOW HITPOINT WARNING * * *
The harpy claws you.
* * * LOW HITPOINT WARNING * * *
The harpy closely misses you.
You feel better. The harpy claws you.
* * * LOW HITPOINT WARNING * * *
The harpy closely misses you. The hog barely misses you.
Okay, then.
Okay, then.
As you read the scroll of teleportation, it crumbles to dust.
You feel strangely unstable. The harpy claws you!
You die...
Kikubaaqudgha rasps: "You have failed me!
Welcome... oblivion!"

.).Y.............
...@k############ ..Y..# ...###
.# hY.# ..# ...# #..# #### #..#
####################..#####
.........@...§hH@§.........
.........Y...§Yh§§.........
))...........§§§§§.........
.....................#####
.....................#
.....................#
.....................############
.........................).......
.................................


You could see a yak, a harpy and 2 hogs.

Vanquished Creatures
  Erica (D:7)
  2 two-headed ogres (D:13)
  An ogre mage (D:13)
  The ghost of Peloso the Carver, a novice DsFi of Okawaru (D:9)
  An unseen horror (D:13)
  4 ugly things
  Pikel (D:6)
  A deep elf mage (D:13)
  The ghost of baghtru the Chopper, a novice HOFi (D:6)
  Psyche (D:10)
  2 gargoyles (D:10)
  A centaur skeleton (D:13)
  A komodo dragon (D:12)
  A kobold demonologist (D:12)
  A hornet (D:10)
  6 trolls
  Grinder (D:6)
  7 hippogriffs
  A shadow (D:12)
  A wyvern (D:13)
  19 yaks
  A wraith (D:12)
  2 hungry ghosts (D:12)
  4 hogs (D:13)
  4 soldier ants
  A water moccasin (D:11)
  2 orc warriors
  2 eyes of draining
  A hornet zombie (D:13)
  2 black bears
  10 ice beasts
  2 sky beasts
  An ogre (D:9)
  5 centaurs
  3 phantoms
  3 big kobolds
  9 bullfrogs
  A gnoll sergeant (D:8)
  3 scorpions
  3 troll zombies (D:12)
  8 wights
  15 killer bees
  7 howler monkeys
  The ghost of Glorg the Conjurer, a weakling DrCj of Sif Muna (D:3)
  An electric eel (D:7)
  6 crimson imps
  A bullfrog zombie (D:9)
  A quasit (D:12)
  5 bullfrog skeletons
  4 centaur zombies
  3 orc priests
  4 hounds
  A jelly (D:9)
  5 human zombies (Ossuary)
  4 iguanas
  7 orc wizards
  8 worker ants
  4 ogre zombies (D:12)
  3 hound skeletons
  4 mummies
  2 worker ant zombies
  9 gnolls
  A howler monkey skeleton (D:5)
  11 adders
  3 shadow imps
  2 oozes
  An adder skeleton (D:6)
  2 adder zombies
  3 worms
  3 dart slugs
  7 leopard geckos
  37 orcs
  8 bats
  5 giant cockroaches
  9 goblins
  11 hobgoblins
  15 jackals
  21 kobolds
  6 quokkas
  3 ball pythons
  A ball python skeleton (D:5)
  5 frilled lizards
  2 gnoll zombies (D:7)
  2 goblin skeletons (D:12)
  3 goblin zombies (D:12)
  3 hobgoblin zombies (D:12)
  3 orc skeletons (D:12)
  13 orc zombies (D:12)
  A quokka skeleton (D:4)
  8 rats
406 creatures vanquished.

Vanquished Creatures (collateral kills)
  4 two-headed ogres
  Maurice (D:9)
  A gargoyle (D:12)
  A sky beast (D:9)
  4 ogres
  2 wights
  A hound (D:8)
  2 gnolls (D:4)
  A howler monkey skeleton (D:9)
17 creatures vanquished.

Vanquished Creatures (others)
  Sigmund (D:6)
  7 dancing weapons
  A slave (D:6)
  A water moccasin (D:6)
  A worker ant (D:6)
11 creatures vanquished.

Grand Total: 434 creatures vanquished

Notes
Turn   | Place    | Note
-------+----------+-------------------------------------------
     0 | D:1      | Nattfarinn the Vampire Enchanter began the quest for the Orb.
     0 | D:1      | Reached XP level 1. HP: 13/13 MP: 3/3
   442 | D:1      | Reached XP level 2. HP: 9/19 MP: 5/5
   667 | D:1      | Reached skill level 5 in Hexes
  1369 | D:1      | Reached skill level 5 in Stealth
  1369 | D:1      | Reached XP level 3. HP: 22/25 MP: 6/6
  1374 | D:1      | Learned a level 3 spell: Confuse
  1560 | D:1      | Reached skill level 1 in Fighting
  1930 | D:2      | Found an opulent altar of Gozag.
  2009 | D:2      | Reached XP level 4. HP: 25/32 MP: 7/7
  2346 | D:2      | You fall through a shaft!
  2872 | D:3      | Noticed Glorg's ghost (weakling DrCj)
  3222 | D:2      | Learned a level 3 spell: Tukima's Dance
  3295 | D:2      | Reached skill level 6 in Stealth
  3295 | D:2      | Reached XP level 5. HP: 18/38 MP: 8/8
  4084 | D:3      | Killed Glorg's ghost
  4508 | D:3      | Reached XP level 6. HP: 35/47 MP: 9/9
  4966 | D:4      | Reached skill level 7 in Stealth
  5238 | D:4      | Found a sparkling altar of Nemelex Xobeh.
  5239 | D:4      | Found a stormy altar of Qazlal.
  5239 | D:4      | Found a bloodstained altar of Trog.
  5271 | D:4      | Reached XP level 7. HP: 20/52 MP: 1/10
  5365 | D:4      | Found a white marble altar of Elyvilon.
  5368 | D:4      | Found a radiant altar of Vehumet.
  5637 | D:4      | Found Letwuj's Assorted Antiques.
  5713 | D:5      | Entered Level 5 of the Dungeon
  5743 | D:5      | Found a deep blue altar of Sif Muna.
  5749 | D:5      | Found a shadowy altar of Dithmenos.
  5752 | D:5      | Found a burning altar of Makhleb.
  5766 | D:5      | Reached skill level 8 in Stealth
  5892 | D:5      | Found a sand-covered staircase.
  5899 | Ossuary  | Entered an ossuary
  6702 | Ossuary  | Reached skill level 5 in Short Blades
  7065 | D:5      | Reached XP level 8. HP: 60/60 MP: 11/11
  7123 | D:5      | Found a shimmering altar of Xom.
  7547 | D:6      | Noticed baghtru's ghost (novice HOFi)
  7615 | D:6      | Killed baghtru's ghost
  7615 | D:6      | Reached skill level 9 in Stealth
  7944 | D:6      | Noticed Pikel
  7955 | D:6      | Killed Pikel
  7955 | D:6      | Reached skill level 10 in Stealth
  8106 | D:6      | Reached skill level 5 in Fighting
  8106 | D:6      | Reached skill level 10 in Hexes
  8106 | D:6      | Reached XP level 9. HP: 68/68 MP: 12/12
  8210 | D:6      | Killed Sigmund
  8226 | D:6      | Noticed Grinder
  8231 | D:6      | Killed Grinder
  8231 | D:6      | Reached skill level 11 in Stealth
  8636 | D:7      | Found a staircase to the Ecumenical Temple.
  8637 | D:7      | Got a bloodstained falchion
  8638 | D:7      | Identified the +8 falchion of Kemitwu {vamp, +Rage Str+2 Dex+6} (You found it on level 7 of the Dungeon)
  8668 | Temple   | Entered the Ecumenical Temple
  8710 | Temple   | Became a worshipper of Kikubaaqudgha
  8863 | D:7      | Reached skill level 12 in Stealth
  9982 | D:7      | Found a basalt altar of Yredelemnul.
 10299 | D:8      | Reached * piety under Kikubaaqudgha
 10299 | D:8      | Identified Kikubaaqudgha's Handbook of Sinister Rituals (Kikubaaqudgha gifted it to you on level 8 of the Dungeon)
 10299 | D:8      | Received a gift from Kikubaaqudgha
 10330 | D:8      | Found a sacrificial altar of Ru.
 10335 | D:8      | Learned a level 3 spell: Regeneration
 10349 | D:8      | Reached skill level 13 in Stealth
 10459 | D:8      | Found a staircase to the Lair.
 10479 | D:8      | Reached XP level 10. HP: 70/76 MP: 4/13
 10542 | D:8      | Noticed Erica
 10542 | D:8      | Noticed a two-headed ogre
 11100 | D:7      | Killed Erica
 11179 | D:8      | Killed a two-headed ogre
 11261 | D:8      | Reached skill level 14 in Stealth
 11338 | D:8      | Found an iron altar of Okawaru.
 11475 | D:9      | Noticed a two-headed ogre
 11482 | D:9      | Killed a two-headed ogre
 11638 | D:9      | Reached ** piety under Kikubaaqudgha
 11652 | D:9      | Noticed a two-headed ogre
 11660 | D:9      | Killed a two-headed ogre
 11661 | D:9      | Noticed Peloso's ghost (novice DsFi)
 11914 | D:9      | Killed Peloso's ghost
 12413 | D:9      | Reached skill level 1 in Long Blades
 12667 | D:9      | Reached XP level 11. HP: 79/84 MP: 7/14
 12748 | D:9      | Reached skill level 15 in Stealth
 12795 | D:9      | Reached skill level 1 in Necromancy
 12830 | D:9      | Noticed Maurice
 12840 | D:9      | Killed Maurice
 12840 | D:9      | Reached skill level 1 in Charms
 13051 | D:10     | Entered Level 10 of the Dungeon
 13832 | D:10     | Noticed Psyche
 14009 | D:10     | Identified a scroll of acquirement
 14281 | D:10     | Reached *** piety under Kikubaaqudgha
 14281 | D:10     | Identified Kikubaaqudgha's Tome of Necromancy (Kikubaaqudgha gifted it to you on level 10 of the Dungeon)
 14281 | D:10     | Received a gift from Kikubaaqudgha
 14391 | D:10     | Killed Psyche
 14545 | D:10     | Reached skill level 16 in Stealth
 15746 | D:11     | Noticed a purple ugly thing
 15753 | D:11     | Killed a purple ugly thing
 15842 | D:11     | Noticed a purple ugly thing
 15854 | D:11     | Killed a purple ugly thing
 16064 | D:12     | Reached XP level 12. HP: 73/92 MP: 9/15
 16381 | D:12     | Reached **** piety under Kikubaaqudgha
 16454 | D:12     | Reached skill level 17 in Stealth
 17033 | D:12     | Reached skill level 5 in Necromancy
 17043 | D:12     | Reached ***** piety under Kikubaaqudgha
 17050 | D:12     | Found a staircase to the Orcish Mines.
 17496 | D:13     | Noticed a two-headed ogre
 17509 | D:13     | Killed a two-headed ogre
 17861 | D:13     | Noticed a two-headed ogre
 17864 | D:13     | Noticed a two-headed ogre
 17916 | D:13     | Killed a two-headed ogre
 18064 | D:13     | Reached skill level 18 in Stealth
 18112 | D:13     | Found a gate to the Vaults.
 18153 | D:13     | Noticed Kirke
 18178 | D:13     | Noticed an ogre mage
 18293 | D:13     | Killed an ogre mage
 18370 | D:13     | Killed a two-headed ogre
 18407 | D:13     | HP: 1/95 [harpy[Kirke] (6)]
 18409 | D:13     | Mangled by a harpy

Skill      XL: |  1  2  3  4  5  6  7  8  9 10 11 12 |
---------------+-------------------------------------+-----
Hexes          | 5 7 10 11 13 | 13.7
Stealth        | 5 6 7 8 10 13 14 16 18 | 18.4
Fighting       | 1 2 3 4 5 6 7 8 9 |  9.1
Short Blades   | 2 3 4 5 6 7 8 |  8.7
Long Blades    | 1 3 |  3.5
Necromancy     | 4 6 |  6.4
Charms         | 4 |  4.6
Dodging        | |  2.1
Spellcasting   | |  2.0

Action                   |  1- 3 |  4- 6 |  7- 9 | 10-12 || total
-------------------------+-------+-------+-------+-------++-------
Melee: Dagger            |   116 |   256 |   306 |       ||   678
       Bite              |     7 |    18 |    46 |   143 ||   214
       Falchion          |       |       |    84 |   282 ||   366
       Quick blade       |       |       |       |   554 ||   554
 Cast: Confuse           |       |     2 |    36 |   129 ||   167
       Tukima's Dance    |       |     7 |     5 |    37 ||    49
       Corona            |       |       |     2 |     1 ||     3
  Use: Potion            |     2 |     1 |     5 |     5 ||    13
       Scroll            |       |       |    10 |    16 ||    26
 Stab: Sleeping          |     8 |    14 |    32 |    30 ||    84
       Distracted        |       |     1 |     1 |     3 ||     5
       Confused          |       |     4 |    21 |   111 ||   136
  Eat: Corpse            |     6 |    16 |     9 |    40 ||    71
Armor: Robe              |    17 |    39 |    57 |   125 ||   238
Dodge: Dodged            |    64 |   116 |   162 |   286 ||   628
       Rpst.: Falchion   |       |       |    19 |    35 ||    54
